 Dungeon Crawl Stone Soup version 0.30-a0-782-ge64f9170bb (webtiles) character file.

Game seed: 2485659243967425564

62 theswoord the Shooter (level 3, 0/20 HPs)
             Began as a Deep Elf Hunter on Mar 15, 2023.
             Slain by Ijyb
             ... wielding a +0 dagger
              (3 damage)
             ... on level 3 of the Dungeon.
             The game lasted 00:02:02 (1806 turns).

theswoord the Shooter (Deep Elf Hunter)             Turns: 1806, Time: 00:02:02

Health: 0/20       AC:  3    Str:  8    XL:     3   Next: 85%
Magic:  5/5        EV: 12    Int: 13    God:
Gold:   83         SH:  0    Dex: 20    Spells: 2/2 levels left

rFire   . . .      SeeInvis .    a - +0 shortbow
rCold   . . .      Faith    .    (shield currently unavailable)
rNeg    + . .      Spirit   .    c - +0 leather armour
rPois   +          Reflect  .    (no helmet)
rElec   .          Harm     .    (no cloak)
rCorr   .          Rampage  .    (no gloves)
Will    .....                    (no boots)
Stlth   ++                       (no amulet)
HPRegen 0.23/turn                e - ring of positive energy
MPRegen 0.09/turn                h - ring of poison resistance

@: studying Shields
A: no striking features
a: no special abilities


You were on level 3 of the Dungeon.
You visited 1 branch of the dungeon, and saw 3 of its levels.

You collected 83 gold pieces.

Inventory:

Hand Weapons
 a - a +0 shortbow (weapon)
Armour
 c - a +0 leather armour (worn)
 f - a +0 plate armour
 i - a +0 cloak
 j - a scarf of harm
Jewellery
 e - a ring of positive energy (left hand)
 h - a ring of poison resistance (right hand)
 n - the ring "Gorghejya" {rC++ MP+9 Int+3}
   (You found it on level 2 of the Dungeon)

   [ring of magical power]

   Int:       It affects your intelligence (+3).
   rC:        It greatly protects you from cold.
   MP:        It affects your magic capacity (+9).
Scrolls
 b - 2 scrolls of immolation
Potions
 d - 2 potions of degeneration
 g - 2 potions of berserk rage {unknown}
 k - a potion of lignification {unknown}
 m - a potion of curing {unknown}
 p - a potion of brilliance {unknown}


   Skills:
 - Level 1.5 Fighting
 + Level 7.3 Ranged Weapons
 - Level 2.4 Dodging
 - Level 1.2 Stealth


You had 2 spell levels left.
You didn't know any spells.
Your spell library was empty.

Dungeon Overview and Level Annotations

Branches:
Dungeon (3/15)

Altars:
Dithmenos

Annotations:
D:2 1 runed translucent door, Crazy Yiuf
D:3 Ijyb


Message History

Found a leather armour.
Found a shadowy altar of Dithmenos.
Found a ring mail.
No target in view!
No target in view!
No target in view!
p - an orange potion No target in view!
No target in view!
As you read the scroll labelled KEMITU KYTRO, it crumbles to dust.
You feel strangely unstable.
It was a scroll of teleportation.
As you read the scroll labelled QADWOV HAWA, it crumbles to dust.
It is a scroll of identify.
d - 2 potions of degeneration Your surroundings suddenly seem different.
Found a robe.
Ijyb the Twisted Goblin comes into view.
She is wielding a +0 dagger and carrying a wand of flame (18).
Ijyb is nearby!
You shoot an arrow. The arrow hits Ijyb.
Ijyb shouts!
Ijyb zaps a wand.
The puff of flame hits you!
A rat comes into view.
You shoot an arrow. The arrow hits Ijyb but does no damage.
You shoot an arrow. The arrow hits Ijyb!
Ijyb zaps a wand.
The puff of flame misses you.
You shoot an arrow. The arrow closely misses the rat.
Ijyb zaps a wand.
The puff of flame hits you.
* * * LOW HITPOINT WARNING * * *
You shoot an arrow. The arrow hits the rat.
You kill the rat!
You shoot an arrow. The arrow hits Ijyb.
You shoot an arrow. The arrow hits Ijyb but does no damage.
You shoot an arrow. The arrow completely misses Ijyb.
Ijyb hits you with a +0 dagger.
* * * LOW HITPOINT WARNING * * *
You shoot an arrow. The arrow hits Ijyb.
Ijyb hits you with a +0 dagger.
* * * LOW HITPOINT WARNING * * *
You shoot an arrow. The arrow closely misses Ijyb.
Ijyb screams, "Me very upset!"
Ijyb hits you with a +0 dagger.
You die...

###....
#.....#
#[....#
#.....# ##
#.....
...#+#....
#......g#
#......@#
#..>....#
#.......#
#.......#
#.......#
#.......#
#.......#####
#.#'###.#...+
#.#.###'#.###


You could see Ijyb.

Vanquished Creatures
  2 adders
  A dart slug (D:2)
  3 endoplasms
  A giant cockroach (D:2)
  5 goblins
  6 hobgoblins
  A quokka (D:1)
  6 ball pythons
  3 bats (D:1)
  3 frilled lizards
  7 kobolds
  4 rats
42 creatures vanquished.

Notes
Turn   | Place    | Note
-------+----------+-------------------------------------------
     0 | D:1      | theswoord the Deep Elf Hunter began the quest for the Orb.
     0 | D:1      | Reached XP level 1. HP: 12/12 MP: 3/3
     2 | D:1      | Noticed a felid
     2 | D:1      | Noticed a gargoyle
     4 | D:1      | Noticed a ghoul
     4 | D:1      | Noticed a minotaur
     6 | D:1      | Noticed a draconian
     6 | D:1      | Noticed a naga
     8 | D:1      | Noticed a tengu
    10 | D:1      | Noticed an armataur
    10 | D:1      | Noticed a troll
    12 | D:1      | Noticed an octopode
    12 | D:1      | Noticed a spriggan
    14 | D:1      | Noticed a merfolk
    14 | D:1      | Noticed a demonspawn
    16 | D:1      | Noticed a formicid
    16 | D:1      | Noticed a human
    18 | D:1      | Noticed an elf
    20 | D:1      | Noticed a meteoran
    20 | D:1      | Noticed an ogre
    22 | D:1      | Noticed a vine stalker
    22 | D:1      | Noticed a demigod
    24 | D:1      | Noticed a merfolk
    26 | D:1      | Noticed a troll
   227 | D:1      | Reached skill level 6 in Ranged Weapons
   227 | D:1      | Reached XP level 2. HP: 16/16 MP: 4/4
   834 | D:2      | Reached XP level 3. HP: 20/20 MP: 5/5
   980 | D:2      | Identified the ring "Gorghejya" {rC++ MP+9 Int+3}
  1145 | D:2      | Reached skill level 7 in Ranged Weapons
  1314 | D:2      | Found a runed translucent door.
  1315 | D:2      | Noticed Crazy Yiuf
  1768 | D:3      | Found a shadowy altar of Dithmenos.
  1796 | D:3      | Noticed Ijyb
  1806 | D:3      | Slain by Ijyb

Skill      XL: |  1  2  3 |
---------------+----------+-----
Ranged Weapons | 6 7 |  7.3
Fighting       | |  1.5
Dodging        | |  2.4
Stealth        | |  1.2

Action                     || total
---------------------------++-------
   Fire: Shortbow          ||    71
    Use: Scroll            ||     2
 Armour: Plate armour      ||     2
         Leather armour    ||     2
  Dodge: Dodged            ||    15

Levels and vault maps discovered:
D:1:      kb_arrival_jail, layout_loops_ring, minmay_misc_feat_rows
D:2:      layout_basic, minmay_split_cup_large, uniq_crazy_yiuf_cottage
D:3:      layout_basic, nicolae_dithmenos_shadow_blocks,
          mainiacjoe_overflow_cross_hatched, uniq_pargi, uniq_ijyb
